AoeStats
← Mikey-R2R

Hill Fort

503812787Analyzed
3v3 RM · 1mo ago on Sep 2, 2026· 51m 18s· 6 players
Game mode
Random Map
Map size
Normal (6 player)
Population
200
Speed
Normal
Resources
Standard
Victory
Conquest
Starting age
Dark Age
Ending age
Imperial Age
RankedLock teamsTeams togetherTeam positionsShared explorationLock speedFull tech treeHidden civsTurbo modeCheats
Victory
Defeat
🇩🇪 Wei · Germany
872
+14
🇧🇷 Cumans · Brazil
841
+15
🇹🇷 Franks · Türkiye
730
+20
🇧🇷 Gurjaras · Brazil
840
-17
🇦🇷 Vietnamese · Argentina
836
-17
🇨🇳 Turks · China
798
-15
Mikey-R2R
11:26 Feudal Age
11:53 Double-Bit Axe
11:51 Horse Collar
12:59 Loom
19:02 Castle Age
20:08 Wheelbarrow
20:53 Heavy Plow
28:30 Gold Mining
29:11 Fletching
30:35 Stone Mining
31:26 Husbandry
31:50 Padded Archer Armor
32:44 Ballistics
32:52 Bloodlines
34:39 Bodkin Arrow
36:23 Gold Shaft Mining
39:08 Leather Archer Armor
Rearte7
8:32 Loom
12:02 Feudal Age
12:56 Town Watch
13:01 Double-Bit Axe
13:38 Horse Collar
21:10 Castle Age
19:31 Gold Mining
23:05 Castle Age
23:58 Heavy Plow
24:37 Wheelbarrow
24:52 Fervor
25:16 Town Patrol
25:15 Stone Mining
26:20 Bow Saw
34:11 Imperial Age
32:23 Ballistics
31:58 Fletching
32:46 Murder Holes
33:14 Hand Cart
34:26 Gold Shaft Mining
34:27 Stone Shaft Mining
35:47 Heavy Camel Rider
36:27 Husbandry
36:38 Bloodlines
37:04 Scale Barding Armor
39:22 Chain Barding Armor
39:28 Conscription
40:39 Plate Barding Armor
39:50 Treadmill Crane
41:38 Forging
44:21 Iron Casting
43:51 Bodkin Arrow
44:18 Ballistics
45:17 Hoardings
46:24 Crop Rotation
49:58 Frontier Guards
林归于凤
13:52 Feudal Age
14:39 Double-Bit Axe
14:36 Horse Collar
15:32 Wheelbarrow
16:43 Stone Mining
17:11 Fletching
21:15 Castle Age
20:28 Fletching
20:39 Padded Archer Armor
21:35 Elite Skirmisher
22:37 Bodkin Arrow
23:07 Hand Cart
22:55 Heavy Plow
23:24 Bow Saw
25:47 Stone Shaft Mining
27:28 Gold Mining
27:40 Caravan
28:00 Leather Archer Armor
28:44 Thumb Ring
29:14 Squires
32:20 Chatras
36:55 Imperial Age
38:57 Paper Money
39:10 Ring Archer Armor
40:23 Bloodlines
40:15 Husbandry
40:25 Scale Barding Armor
40:21 Bracer
41:54 Pikeman
42:16 Imperial Skirmisher
44:33 Halberdier
45:20 Scale Mail Armor
45:45 Chain Barding Armor
48:59 Plate Barding Armor
48:35 Forging
Nopec
6:29 Loom
11:46 Feudal Age
12:22 Horse Collar
12:30 Double-Bit Axe
16:07 Stone Mining
16:39 Gold Mining
17:57 Wheelbarrow
21:10 Castle Age
20:46 Bloodlines
20:44 Scale Barding Armor
20:49 Forging
21:04 Fletching
22:33 Bow Saw
22:25 Heavy Plow
23:50 Hand Cart
23:21 Town Watch
26:51 Gold Shaft Mining
27:54 Husbandry
29:37 Stone Shaft Mining
29:39 Town Patrol
30:24 Iron Casting
30:10 Tuntian
31:24 Ballistics
31:00 Murder Holes
31:29 Chain Barding Armor
35:48 Imperial Age
33:49 Bodkin Arrow
33:54 Padded Archer Armor
34:47 Thumb Ring
34:46 Padded Archer Armor
34:34 Treadmill Crane
35:05 Masonry
35:42 Leather Archer Armor
36:09 Elite Tiger Cavalry
39:10 Blast Furnace
38:13 Bracer
38:44 Ring Archer Armor
40:09 Ming Guang Armor
40:05 Conscription
40:11 Conscription
42:42 Parthian Tactics
44:29 Chemistry
Mert
0:36 Loom
15:02 Feudal Age
16:17 Double-Bit Axe
18:29 Gold Mining
22:23 Castle Age
21:36 Stone Mining
23:10 Scale Barding Armor
23:16 Forging
23:44 Husbandry
24:59 Gold Shaft Mining
25:13 Arson
25:29 Squires
25:14 Gambesons
26:00 Bow Saw
27:49 Wheelbarrow
27:39 Town Watch
30:44 Scale Mail Armor
31:26 Iron Casting
33:04 Hand Cart
33:53 Padded Archer Armor
34:31 Squires
33:52 Pikeman
34:02 Man-at-Arms
34:45 Town Patrol
36:56 Chain Barding Armor
36:52 Leather Archer Armor
36:28 Fletching
36:10 Long Swordsman
40:22 Imperial Age
38:16 Fortified Wall
38:27 Ballistics
38:42 #83
39:31 Bodkin Arrow
39:38 Scale Mail Armor
41:57 Conscription
42:13 Hoardings
41:43 Cavalier
43:18 Paladin
43:18 Light Cavalry
45:30 Plate Barding Armor
45:55 Blast Furnace
45:43 Coinage
45:13 Caravan
45:03 Elite Throwing Axeman
46:08 Chain Mail Armor
48:32 Chivalry
49:40 Plate Mail Armor
49:41 Coinage
50:59 Chemistry
49:45 Arrowslits
49:56 Murder Holes
50:07 Siege Engineers
50:12 Masonry
50:45 Caravan
Will Rossi
12:22 Feudal Age
15:12 Horse Collar
16:29 Loom
19:12 Castle Age
18:07 Bloodlines
18:15 Forging
18:09 Double-Bit Axe
19:18 Bloodlines
19:55 Scale Barding Armor
22:32 Iron Casting
24:09 Heavy Plow
24:58 Chain Barding Armor
32:18 Imperial Age
31:12 Steppe Husbandry
33:25 Gold Mining
39:08 Elite Steppe Lancer
40:50 Blast Furnace
40:26 Plate Barding Armor
47:56 Chemistry
Connection lost

Rejoining the realm…

Still unreachable

The connection could not be restored.

Session expired

The server has moved on; the page needs a fresh start.